 Dungeon Crawl Stone Soup version 0.22-a0-307-g2b15929 (webtiles) character file.

8 Amnesiac the Insei (level 2, 10/22 HPs)
             Began as a Demonspawn Gladiator on Apr 1, 2018.
             Quit the game on level 1 of the Dungeon.
             The game lasted 00:00:27 (109 turns).

Amnesiac the Insei (Demonspawn Gladiator)            Turns: 109, Time: 00:00:29

Health: 10/22      AC:  3    Str: 14    XL:     2   Next: 0%
Magic:  2/2        EV: 12    Int:  9    God:
Gold:   13         SH:  0    Dex: 14    Spells: 1/1 levels left

rFire    . . .     SeeInvis .     - Unarmed
rCold    . . .     Gourm    .   (no shield)
rNeg     . . .     Faith    .   a - +0 leather armour
rPois    .         Spirit   .   (helmet restricted)
rElec    .         Reflect  .   (no cloak)
rCorr    .         Harm     .   (no gloves)
MR       .....                  (no boots)
Stlth    +.........             (no amulet)
HPRegen  0.07/turn              (no ring)
MPRegen  0.08/turn              (no ring)

@: no status effects
A: antennae 1
a: no special abilities


You were on level 1 of the Dungeon.
You were not hungry.

You visited 1 branch of the dungeon, and saw 1 of its levels.

You collected 13 gold pieces.

Inventory:

Missiles
 c - 3 throwing nets (quivered)
Armour
 a - a +0 leather armour (worn)
 b - a +0 helmet
 g - a +0 ring mail
Scrolls
 e - a scroll of amnesia {!r, unknown}
Comestibles
 d - 2 rations
 f - a chunk of flesh


   Skills:
 - Level 2.0 Fighting
 - Level 1.7 Throwing
 - Level 2.6 Dodging
 + Level 3.2 Unarmed Combat


You had one spell level left.
You didn't know any spells.

Dungeon Overview and Level Annotations

Branches:
Dungeon (1/15)

Altars:


Innate Abilities, Weirdness & Mutations

You have a pair of small antennae on your head.


Message History

A kobold comes into view.
Found 2 yellow potions.
A frilled lizard comes into view.
Found a scroll labeled WOKUTSOSTO.
There are monsters nearby!
A rat comes into view.
Found a mace.
A goblin comes into view. It is wielding a dagger.
The kobold closely misses you.
You barely miss the kobold.
The goblin shouts!
The kobold hits you.
You miss the frilled lizard. The kobold barely misses you.
The frilled lizard barely misses you.
You closely miss the frilled lizard. The kobold barely misses you.
The frilled lizard closely misses you.
You barely miss the frilled lizard. The kobold barely misses you.
The frilled lizard barely misses you.
The frilled lizard bites you but does no damage.
You see here a ring mail.
g - a ring mail The kobold hits you but does no damage.
The frilled lizard barely misses you. The kobold hits you.
The frilled lizard bites you but does no damage.
The kobold misses you. The goblin misses you.
You closely miss the kobold. The kobold hits you.
You hit the kobold but do no damage. The kobold barely misses you.
You hit the kobold.
The kobold is severely wounded.
The kobold hits you.
You hit the kobold.
You kill the kobold!
You hit the goblin.
The goblin is heavily wounded.
The goblin hits you with a dagger. The rat bites you.
You hit the goblin.
You kill the goblin!
The rat completely misses you.
Things that are here:
a dagger; a goblin corpse You hit the rat.
You kill the rat!
You barely miss the frilled lizard. You barely miss the frilled lizard.
The frilled lizard closely misses you.
You completely miss the frilled lizard.
The frilled lizard hisses.
The frilled lizard completely misses you.
You closely miss the frilled lizard. The frilled lizard barely misses you.
You miss the frilled lizard. The frilled lizard barely misses you.
You hit the frilled lizard but do no damage.
The frilled lizard misses you.
You miss the frilled lizard.
The frilled lizard bites you but does no damage.
You closely miss the frilled lizard. The frilled lizard closely misses you.
You barely miss the frilled lizard. The frilled lizard bites you.
* * * LOW HITPOINT WARNING * * *
You hit the frilled lizard.
You kill the frilled lizard!
You have reached level 2!
Your demonic ancestry asserts itself...
A pair of antennae grows on your head!
Your +0 helmet falls away!
Are you sure you want to abandon this character and quit the game? (Confirm with "yes".)

.......#..............)##..##
..............###....##..##..
..............# #....##..##..
..............# #......##..##
..............###......##..##
##?.......................###
...............#####.##....
............##..####.####..
.#..........@†.....#.# #.##
.##........###.....# #..
..................... ...
.##...........######.
............### ..#........!#
#.#...........#
..............
###........###..


There were no monsters in sight!

Vanquished Creatures
  A giant cockroach (D:1)
  2 goblins (D:1)
  A hobgoblin (D:1)
  2 frilled lizards (D:1)
  A kobold (D:1)
  A rat (D:1)
8 creatures vanquished.

Notes
Turn   | Place    | Note
-------+----------+-------------------------------------------
     0 | D:1      | Amnesiac the Demonspawn Gladiator began the quest for the Orb.
     0 | D:1      | Reached XP level 1. HP: 16/16 MP: 1/1
    64 | D:1      | Reached skill level 3 in Unarmed Combat
   108 | D:1      | Gained mutation: You have a pair of small antennae on your head. [demonic ancestry]
   108 | D:1      | Reached XP level 2. HP: 9/22 MP: 2/2
   109 | D:1      | Quit the game

Vault maps used:
D:1:      lightli_iron_boxes

Skill      XL: |  1 |
---------------+----+-----
Unarmed Combat | 3 |  3.2
Fighting       | |  2.0
Throwing       | |  1.7
Dodging        | |  2.6

Action                   || total
-------------------------++-------
Melee: Unarmed           ||    51
Armor: Leather armour    ||    10
Dodge: Dodged            ||    37

Table legend:
 A = Spawn XP
 B = Non-spawn XP
 C = Spawn XP percentage of total XP
 D = Spawn monster count
 E = Non-spawn monster count
 F = Spawn count percentage of total count
 G = Total turns spent on level
                    A         B        C        D         E        F      G
               +---------+---------+-------+---------+---------+-------+---------
         Total |       0 |      12 |   0.0 |       0 |       8 |   0.0 |   109
               +---------+---------+-------+---------+---------+-------+---------
           D:1 |       0 |      12 |   0.0 |       0 |       8 |   0.0 |   109
               +---------+---------+-------+---------+---------+-------+---------
